Cogmind - Beta 14 @@@ ROGUE MODE // 2024.11.01 @ 18:00:23 Player: Skergy Result: Destroyed by L-31 Rogue with Katana Performance ------------- Evolutions (1) 500 Regions Visited (2) 400 Robots Destroyed (15) 75 Value Destroyed (350) 350 Prototype IDs (0) 0 Alien Tech Used (0) 0 Bonus (0) 0 TOTAL SCORE: 1325 Bonus ------- None Cogmind --------- Core Integrity 0/400 Matter 223/300 Energy 100/100 System Corruption 0% Temperature Cool (0) Movement Core (50) Location -9/Materials Parts ------- > --- POWER (1) -------- (None) > --- PROPULSION (4) --- (None) > --- UTILITY (2) ------ (None) > --- WEAPON (2) ------- (None) > --- INVENTORY (5) ---- Light Ion Engine Aluminum Leg Huge Storage Unit Tractor Beam Small Laser Peak State ------------ > --- POWER ------------ Light Nuclear Core > --- PROPULSION ------- Aluminum Leg Aluminum Leg Aluminum Leg Aluminum Leg > --- UTILITY ---------- Small Storage Unit Improved Terrain Scanner > --- WEAPON ----------- Assault Rifle Light Assault Rifle > --- INVENTORY -------- Ion Engine Light Ion Engine Improved Heat Sink Huge Storage Unit Tractor Beam Small Laser [Rating: 13] Favorites ----------- Power Light Nuclear Core Engine Light Ion Engine Power Core Light Nuclear Core Propulsion Aluminum Leg Leg Aluminum Leg Utility Small Storage Unit Device Improved Terrain Scanner Storage Small Storage Unit Weapon Light Assault Rifle Ballistic Gun Light Assault Rifle Build | -11 -10 -9 ------- Run | Yrd Mat Mat Slots Evolved 2 | . . 2 Power . | . . . Propulsion 2 | . . 2 Utility . | . . . Weapon . | . . . Parts Attached 22 | 6 13 3 Power 5 | 1 3 1 Engine 3 | 1 1 1 Core 2 | . 2 . Reactor . | . . . Propulsion 11 | 2 7 2 Treads . | . . . Leg 11 | 2 7 2 Wheel . | . . . Hover . | . . . Flight . | . . . Utility 3 | 1 2 . Device 2 | . 2 . Storage 1 | 1 . . Processor . | . . . Hackware . | . . . Protection . | . . . Artifact . | . . . Weapon 3 | 2 1 . Energy Gun . | . . . Energy Cannon . | . . . Ballistic Gun 3 | 2 1 . Ballistic Cannon . | . . . Launcher . | . . . Special Weapon . | . . . Impact Weapon . | . . . Slashing Weapon . | . . . Piercing Weapon . | . . . Special Melee Weapon . | . . . Unidentified Prototypes . | . . . Parts Lost 4 | . 2 2 Power 2 | . 1 1 Propulsion 1 | . 1 . Utility . | . . . Weapon 1 | . . 1 Highest Loss Streak 2 | . 2 1 To Critical Strikes . | . . . Average Slot Usage (%) 95 | . 97 88 Engine 5 | . 6 4 Core 6 | . 7 2 Leg 30 | . 27 39 Device 12 | . 12 10 Storage 13 | . 14 9 Ballistic Gun 26 | . 27 20 Peak Build Rating 13 | 6 12 13 Average Rating 9 | 4 10 10 On Entrance 6 | . 6 12 Naked Turns 16 | . . 16 Heaviest Build 14 | 11 14 14 Greatest Support 40 | 20 20 40 Greatest Overweight (x) 3 | 3 1 . Average Overweight (x) . | . . . Largest Inventory Capacity 8 | 8 8 8 Average Capacity 7 | 7 8 7 Most Carried 8 | 2 8 8 Average Carried 5 | 1 6 5 Final Capacity 8 | 8 8 5 Final Carried 8 | 2 8 5 Class Distribution -------------------- 78% | Mutant 21% | Scavenger-Mutant Dominant Class ---------------- Mutant | -10/Materials Mutant | -9/Materials Resources | -11 -10 -9 ----------- Run | Yrd Mat Mat Matter Collected 515 | 239 260 16 Remotely 59 | . 59 . Salvage Created 415 | . 362 53 Parts 32 | . 28 4 Haulers Intercepted . | . . . Recyclers Shooed . | . . . Parts Field Recycled . | . . . Retrieved Matter . | . . . Parts Self-Destructed . | . . . Prevented . | . . . Kills | -11 -10 -9 ------- Run | Yrd Mat Mat Combat Hostiles Destroyed 14 | . 10 4 Guns 14 | . 10 4 Classes Destroyed 3 | . 3 . Watcher 1 | . 1 . Swarmer 7 | . 3 4 Grunt 7 | . 7 . Best Kill Streak 5 | . 5 4 Combat Bots Only 5 | . 5 4 Max Kills in Single Turn 2 | . 1 2 Gunslinging 1 | . . 1 Exploded . | . . . Melee . | . . . Uniques/NPCs Destroyed . | . . . Combat | -11 -10 -9 -------- Run | Yrd Mat Mat Hostile Shots Fired 141 | . 77 64 Missed 36 | . 21 15 Damage Taken 1273 | . 622 651 Core 578 | . 177 401 Absorbed by Shields . | . . . Core Remaining (%) 64 | 100 29 . Volleys Fired 48 | . 35 13 Largest 2 | . 2 2 Hottest 40 | . 40 40 Shots Fired 96 | . 70 26 Gun 96 | . 70 26 Cannon . | . . . Launcher . | . . . Special . | . . . Kinetic 96 | . 70 26 Thermal . | . . . Explosive . | . . . Electromagnetic . | . . . Robot Hit Streak 9 | . 9 4 Robot Miss Streak 4 | . 4 3 Penetration Max . | . . . Secondary Targets 3 | . 1 2 Max Gunslinging Chain 1 | . 1 1 Shots Hit Robots 56 | . 44 12 Core Hits 25 | . 21 4 Critical Kills . | . . . Critical Parts Destroyed . | . . . Critical Strikes . | . . . Melee Attacks . | . . . Impact . | . . . Slashing . | . . . Piercing . | . . . Sneak Attacks . | . . . Combat Hostiles . | . . . Follow-up Attacks . | . . . Damage Inflicted 685 | . 544 141 Guns 685 | . 544 141 Cannons . | . . . Explosions . | . . . Melee . | . . . Ramming . | . . . Kinetic 685 | . 544 141 Thermal . | . . . Explosive . | . . . Electromagnetic . | . . . Impact . | . . . Slashing . | . . . Piercing . | . . . Highest Corruption . | . . . Average Corruption . | . . . Corruption Purged . | . . . Corruption Blocked . | . . . Overload Shots . | . . . Overflow Damage . | . . . Projectiles . | . . . Explosions . | . . . Melee . | . . . Knockbacks . | . . . Impact . | . . . Kinetic . | . . . Secondary . | . . . Self-Inflicted Damage . | . . . Shots . | . . . Rammed . | . . . Targets Rammed . | . . . Kicked . | . . . Crushed . | . . . Highest Temperature 82 | . 82 . Average Temperature 30 | . 30 . Received Heat Transfer 450 | . 330 120 Siege Activations . | . . . Robots Corrupted . | . . . Combat Hostiles . | . . . Parts Fried . | . . . Impact Corruptions . | . . . Robots Melted . | . . . Combat Hostiles . | . . . Parts Melted . | . . . Heat Transferred . | . . . Parts Sabotaged . | . . . Parts Stolen . | . . . Parts Stripped . | . . . Power Chain Reactions . | . . . Alert | -11 -10 -9 ------- Run | Yrd Mat Mat Peak Influence 229 | . 229 151 Initial 56 | . . 56 Average 100 | . 100 125 Maximum Alert Level 1 | . 1 . Low Security (%) 94 | 100 92 100 Level 1 5 | . 7 . Level 2 . | . . . Level 3 . | . . . Level 4 . | . . . Level 5 . | . . . High Security . | . . . Max Security . | . . . Squads Dispatched 5 | . 4 1 Investigation 3 | . 3 . Extermination . | . . . Reinforcement 2 | . 1 1 Assault . | . . . Garrison . | . . . Intercept . | . . . Searches Triggered . | . . . Construction Impeded . | . . . Haulers Reinforced . | . . . Active Scanning Responses . | . . . Cargo Convoy Interrupts . | . . . Stealth | -11 -10 -9 --------- Run | Yrd Mat Mat Distress Signals 5 | . 1 4 Communications Jammed . | . . . Distress Signals . | . . . Times Spotted 34 | . 20 14 Peak Tracking Total 7 | . 3 7 Tactical Retreats 1 | . 1 . Traps | -11 -10 -9 ------- Run | Yrd Mat Mat Traps Triggered 1 | . 1 . Indirectly . | . . . Trap Hack Attempts . | . . . Triggered . | . . . Disarmed . | . . . Reprogrammed . | . . . Reused . | . . . Traps Extracted . | . . . Installed . | . . . Triggered . | . . . Machines | -11 -10 -9 ---------- Run | Yrd Mat Mat Machines Disabled . | . . . Max in Single Turn . | . . . Machines Repaired . | . . . Machines Dismantled . | . . . Machines Sabotaged . | . . . Overloaded Fab Kills . | . . . Hacking | -11 -10 -9 --------- Run | Yrd Mat Mat Machines Accessed 8 | . 7 1 Terminals 7 | . 6 1 Fabricators . | . . . Repair Stations . | . . . Recycling Units 1 | . 1 . Scanalyzers . | . . . Garrison Access . | . . . Total Hacks 26 | . 24 2 Successful 7 | . 7 . Failed 19 | . 17 2 Catastrophic 3 | . 1 2 Database Lockouts . | . . . Manual 19 | . 17 2 Terminals 23 | . 21 2 Fabricators . | . . . Repair Stations . | . . . Recycling Units 3 | . 3 . Scanalyzers . | . . . Garrison Access . | . . . Terminal Hacks 1 | . 1 . Terminal Index 1 | . 1 . Fabricator Hacks . | . . . Repair Station Hacks . | . . . Recycling Unit Hacks . | . . . Scanalyzer . | . . . Garrison Access Hacks . | . . . Unauthorized Hacks 6 | . 6 . Terminals 5 | . 5 . Assimilate 4 | . 4 . Botnet 1 | . 1 . Fabricators . | . . . Repair Stations . | . . . Recycling Units 1 | . 1 . Tunnel 1 | . 1 . Scanalyzers . | . . . Garrison Access . | . . . Data Cores Recovered . | . . . Used . | . . . Hacking Detections 6 | . 5 1 Full Trace Events 2 | . 2 . Feedback Events . | . . . Feedback Blocked . | . . . Robot Schematics Acquired . | . . . Robots Built . | . . . Authchips . | . . . Time . | . . . Total Robot Build Rating . | . . . Part Schematics Acquired . | . . . Parts Built . | . . . Authchips . | . . . Time . | . . . Total Part Build Rating . | . . . Parts Repaired . | . . . Time . | . . . Parts Recycled . | . . . Recycled Matter . | . . . Retrieved Matter . | . . . Retrieved Components . | . . . Parts Scanalyzed . | . . . Part Schematics Acquired . | . . . Parts Damaged . | . . . Bothacking | -11 -10 -9 ------------ Run | Yrd Mat Mat Used RIF Installer . | . . . Robots Hacked . | . . . Non-combat . | . . . Combat . | . . . Robot Hacks Applied . | . . . Relay Couplers Released . | . . . Fabnet Peak Effective % . | . . . Robots Rewired . | . . . Allies Hacked . | . . . Hacks Repelled . | . . . Allies | -11 -10 -9 -------- Run | Yrd Mat Mat Total Allies . | . . . Largest Group . | . . . Highest-Rated Group . | . . . Highest-Rated Ally . | . . . Total Orders . | . . . Ally Attacks . | . . . Total Damage . | . . . Kills . | . . . Allies Corrupted . | . . . Allies Melted . | . . . Intel | -11 -10 -9 ------- Run | Yrd Mat Mat Robot Analysis Total . | . . . Derelict Logs Recovered . | . . . Drone Launches . | . . . Drone Recoveries . | . . . Exploration | -11 -10 -9 ------------- Run | Yrd Mat Mat Turns Passed 945 | 50 683 212 Spaces Moved 570 | 32 465 73 Core 9 | 9 . . Treads . | . . . Legs 561 | 23 465 73 Wheels . | . . . Hover . | . . . Flight . | . . . Fastest Speed 50 | 50 120 120 Average Speed 120 | 122 120 120 Slowest Speed 200 | 200 190 120 Overloaded Moves . | . . . Propulsion Burnouts . | . . . Robots Hopped . | . . . Cave-ins Triggered . | . . . Exploration Rate (%) 32 | 4 85 9 Regions Visited 2 Branch Regions . Pre-discovered Areas 1 | . 1 . Known Exits Taken . | . . . Unknown Exits Taken 2 | 1 1 . Scrap Searched . | . . . Spaces Dug . | . . . Terrain Destroyed . | . . . Melee . | . . . Projectile . | . . . AOE . | . . . Terrain Rammed . | . . . Walls Destroyed . | . . . Machines Disabled . | . . . Actions | -11 -10 -9 --------- Run | Yrd Mat Mat Total 745 | 39 528 178 Wait 81 | . . 81 Move 568 | 31 464 73 Hop . | . . . Pick Up 8 | 2 6 . Fast Attach 13 | 6 7 . Attach 3 | . . 3 Detach 5 | . 2 3 Swap 6 | . 6 . Drop 13 | . 8 5 Fire 48 | . 35 13 Melee . | . . . Ram . | . . . Kick . | . . . Crush . | . . . Escape Stasis . | . . . Rewire . | . . . Trap . | . . . Miscellaneous . | . . . Route ------- -11/Scrapyard -10/Materials (discovered 4 exits: *Mat x3 / [*Min]) -9/Materials History --------- Turn | Location | Event 11 | -11/Scrapyard | Discovered new exit (range 15) 51 | -11/Scrapyard | Entered Materials 187 | -10/Materials | Discovered new exit (range 9) 293 | -10/Materials | Discovered new exit (range 16) 304 | -10/Materials | Build established: Mutant 425 | -10/Materials | Discovered new exit (range 12) 428 | -10/Materials | Discovered new exit (range 15) 451 | -10/Materials | Core integrity fell below 50% 734 | -10/Materials | Entered another Materials area 734 | -9/Materials | Evolved 2 slots: Propulsion x2 940 | -9/Materials | Core integrity fell below 50% 946 | -9/Materials | Core integrity fell below 20% 946 | -9/Materials | Destroyed by L-31 Rogue with Katana Last Messages --------------- 00844_ ALERT: Hostiles spotted, dispatching reinforcements to Terminal M012. 00850_ K-01 Serf cleans the Processing Tank. 00893_ W-16 Scout sends out distress signal. 00928_ Dropped Aluminum Leg. 00929_ Dropped Sml. Storage Unit. 00929_ Assault Rifle destroyed. 00929_ R-06 Scavenger collects Ion Engine. 00930_ Dropped Imp. Terrain Scanner. 00930_ Dropped Lgt. Assault Rifle. 00932_ R-06 Scavenger collects Imp. Heat Sink. 00932_ R-06 Scavenger collects Imp. Terrain Scanner. 00935_ R-06 Scavenger collects Aluminum Leg. 00939_ Processing Tank disabled. 00940_ R-06 Scavenger collects Lgt. Assault Rifle. Map ----- +----------------------------------------------------+ | ????????????????????????# """[%# #? #???????? | | ????????????????????????# """= + " # #????????? | | ?????????????????#??????# # "T #????????? | | ????????????????????????# """ # # ##????????? | | ????????????????????#???# """ ?## ######??#??????? | | ????????????????????????# """ ?# ##???????????#?? | | ????????????????????????? """???# #?#????????????? | | ????????????????????????? """???# #???#?????#????? | | ???????????????????#????? ?? ?# #?#????????????? | | ??????????????????????????##????# #?????????#????? | | ????????????????????????????????# #??#???????????? | | ???????????????????????????######+####???????????? | | ?????????????#??????##?????# #????#??????? | | ?????????????????????##?#??# #?###???????? | | ???????????????????????????# """ """ #???????????? | | ?????????????????##?#??#???# """ """ #?#?????????? | | ???????????????????????????# """ """ ##??????????? | | ??????????????#????????????# #??##???????? | | ?????????????#?????#######?# #???????#???? | | ???????????????##??#"""""#?# #???????????? | | ???????????????#####""T""#######+######??????????? | | ?????????? ????# #??????????? | | ???????????????# #?#????????? | | ???????????????# ###????????? | | ???????????#???# gg! ######+####??????????? | | ???????????????# l@ #??? ????????????? | | ????????????? ?# """"g #??#""" #??????????? | | ???????????????# """""r u#??#""" #??????????? | | ??????????????## """""Y #??#""" #??????????? | | ???????????????# r r #??# #?????????#? | | ????????????? ?# #??# #??????????? | | ???????????????#??r "" ##?#####+##??????????? | | ?????????????????? T" #????????????????????? | | ????????????? ????? "" #???#??#?????????????? | | ???????????????????? #?#????#?????????????? | | ?????????????????????? ? #????????????????????? | | ??????????????#???????????###???#????????????????? | | ??????????????????????##??????????????#??????????? | | ??????????????????????????????#???#?? ???????????? | | ???????????????????"???? ????????????????????????? | | ???????????????????????? #???????????????????????? | | ?????????????????????????????????????????????????? | | ?????????????????????????????????????????????????? | | ?????????????????????????????????????????????????? | | ?????????????????????????????????????????????????? | | ?????????????????????????????????????????????????? | | ?????????????????????????????????????????????????? | | ?????????????????????????????????????????????????? | | ?????????????????????????????????????????????????? | | ?????????????????????????????????????????????????? | +----------------------------------------------------+ Best States ------------- Heat Dissipation 28 Energy Generation 14 Energy Capacity 250 Matter Stores 300 Matter Capacity 300 Sight Range 16 Terrain Scan Range 16 Terrain Scan Density 10 Evasion (%) 55 Item Schematics ----------------- None Robot Schematics ------------------ None Fabricated ------------ Nothing Alien Tech Used ----------------- None Achievements -------------- None Challenges ------------ None Game ------ Seed StructuralZioniteAmplifier Manual? 0 Play Time 00:13:16 Cumulative 37.7 hours Start 2024.11.01 @ 17:48:19 End 2024.11.01 @ 18:00:23 Sessions 1 Manual Loads 0 Difficulty Rogue Special Mode None Game No. 37 Rogue 37 Adventurer 0 Explorer 0 Win Type - Total 1 Types 1/0/0/0/0/0/0/0/0 Lore% 16 Gallery% 33 Achievement% 29 Wizard Run 0 Options --------- Layout 1 ASCII 0 Keyboard 1 Movement Arrows Keybinds 0 Fullscreen 1 Font 24/Smallcaps Map View 50x35 Zoom Use 0% Tactical HUD 1 Map Filters NONE Filters NONE Steam 1 RUN: ab2138a3-87bc-42e5-8871-1a7292133166